 Dungeon Crawl Stone Soup version 0.17.1-1-g73c8601 (webtiles) character file.

1344 Runnr the Reanimator (level 8, 0/58 HPs)
             Began as a Demonspawn Necromancer on Dec 18, 2015.
             Succumbed to a killer bee's poison
             ... on level 7 of the Dungeon.
             The game lasted 01:06:41 (8688 turns).

Runnr the Reanimator (Demonspawn Necromancer)       Turns: 8688, Time: 01:06:41

Health: 0/58       AC:  6    Str:  8    XL:     8   Next: 36%
Magic:  11/17      EV: 13    Int: 23    God:
Gold:   209        SH:  0    Dex: 15    Spells: 4 memorised, 10 levels left

rFire  + . .     SeeInvis .     k - +3 spear
rCold  . . .     Clarity  .     q - +1 robe {rN+}
rNeg   + . .     SustAt   .     (no shield)
rPois  .         Gourm    .     (no helmet)
rElec  .         Spirit   .     (no cloak)
rCorr  .         Warding  .     (no gloves)
rMut   .         Stasis   .     D - +0 pair of boots
MR     .....                    (no amulet)
Stlth  +++.......               d - ring of stealth
                                t - ring of flight

@: brilliant, lethally poisoned (0 -> -11), about to teleport, very slightly
contaminated, hasted, drained, very quick, not resistant to hostile
enchantments, fairly stealthy
A: slimy green scales 1, fire resistance 1, flame cloud immunity
a: Evoke Flight


You were on level 7 of the Dungeon.
You were near starving.

You visited 1 branch of the dungeon, and saw 7 of its levels.

You collected 209 gold pieces.

Inventory:

Hand Weapons
 k - a +3 spear (weapon)
Armour
 q - a +1 robe of positive energy (worn)
 D - a +0 pair of boots (worn)
Magical Staves
 r - an uncursed staff of cold
Jewellery
 d - a ring of stealth (right hand)
 t - a ring of flight (left hand)
Wands
 e - a wand of enslavement (8)
 B - a wand of lightning (8)
Scrolls
 i - 6 scrolls of magic mapping
 j - 2 scrolls of remove curse
 l - a scroll of identify
 v - a scroll of teleportation
 y - 2 scrolls of random uselessness {unknown}
 E - 4 scrolls of recharging
Potions
 n - a potion of agility
 C - a potion of haste
 G - a potion of cancellation
Books
 b - a book of Necromancy

   Spells                             Type                      Level
   a - Pain                           Necromancy                   1
   b - Animate Skeleton               Necromancy                   1
   c - Vampiric Draining              Necromancy                   3
   d - Regeneration                   Charms/Necromancy            3
   e - Animate Dead                   Necromancy                   4
   f - Control Undead                 Necromancy                   4
 p - a book of the Dragon

   Spells                             Type                      Level
   a - Flame Tongue                   Conjuration/Fire             1
   b - Cause Fear                     Hexes                        4
   c - Bolt of Fire                   Conjuration/Fire             6
   d - Dragon Form                    Transmutation                7
   e - Dragon's Call                  Summoning                    9
 H - a book of Cantrips

   Spells                             Type                      Level
   a - Corona                         Hexes                        1
   b - Animate Skeleton               Necromancy                   1
   c - Summon Small Mammal            Summoning                    1
   d - Apportation                    Translocation                1
Comestibles
 c - 4 bread rations
 f - 3 meat rations
 I - 3 fruits


   Skills:
 + Level 3.0(2.5) Fighting
 + Level 2.8(2.3) Dodging
 - Level 1.7(1.2) Stealth
 + Level 6.4(5.9) Spellcasting
 + Level 8.4(7.8) Necromancy


You had 10 spell levels left.
You knew the following spells:

 Your Spells              Type           Power        Failure   Level  Hunger
a - Pain                  Necr           ####         1%          1    None
b - Animate Skeleton      Necr           N/A          1%          1    None
c - Animate Dead          Necr           N/A          1%          4    ###....
d - Regeneration          Chrm/Necr      #####.....   1%          3    #......


Dungeon Overview and Level Annotations

Branches:
Dungeon (7/15)
 Temple: D:4-7

Altars:
Ashenzari
Elyvilon
Xom
Yredelemnul
Zin

Annotations:
D:2 Terence
D:4 PossumBlood's ghost, amateur FoFi


Innate Abilities, Weirdness & Mutations

You are partially covered in slimy green scales (AC +2).
Your flesh is heat resistant.
You are immune to clouds of flame.


Message History

As you read the scroll labeled ORREIN GAPUEB, it crumbles to dust.
It is a scroll of enchant weapon.
Enchant which weapon? (? for menu, Esc to quit)
Your cursed +2 spear glows red for a moment.
The killer bee stings you.
* * * LOW HITPOINT WARNING * * *
You are more poisoned.
The killer bee poisons you!
Read which item? (? for menu, Esc to quit)
As you read the scroll labeled RIANAT NUTA, it crumbles to dust.
You feel strangely unstable.
It was a scroll of teleportation.
* * * LOW HITPOINT WARNING * * *
You feel sick. The killer bee stings you.
* * * LOW HITPOINT WARNING * * *
The killer bee stings you but does no damage.
* * * LOW HITPOINT WARNING * * *
You feel sick.
* * * LOW HITPOINT WARNING * * *
You feel sick. The killer bee barely misses you.
You die...

##### ###############...#
#.............'...+
##.#############...#####
#..<#........>...........
#..##.#######.#####......
#.... #.# ...... ###..#
#######.#####.).... #..#
#§yy§@§......(.....
#######.#§#####§####.......
#.......#y# #.# ....
#.#######y# #..
#.#####<#Z## ####
#Z#......h.# #.#.......Z#
#.#........######.#
#.'(.......h..h....


You could see a killer bee (inner flame).

Vanquished Creatures
  3 phantoms
  A scorpion (D:4)
  3 killer bees (D:7)
  A jelly (D:5)
  A wight (D:6)
  A hound (D:5)
  2 crimson imps (D:5)
  5 worker ants
  2 iguanas
  8 orc wizards
  2 gnolls (D:5)
  7 adders
  An ooze (D:2)
  A worm (D:2)
  15 orcs
  3 ball pythons
  6 giant cockroaches
  5 goblins
  6 hobgoblins
  11 jackals
  A quokka (D:3)
  9 bats
  4 giant geckos
  9 giant newts
  4 kobolds
  9 rats
120 creatures vanquished.

Vanquished Creatures (collateral kills)
  An ogre (D:5)
  A giant frog (D:7)
  2 killer bees (D:7)
  A crimson imp (D:5)
  A hound zombie (D:5)
  2 gnolls (D:5)
  An adder (D:2)
  An orc (D:2)
  2 goblins (D:2)
  A hobgoblin (D:2)
  A giant newt (D:5)
14 creatures vanquished.

Grand Total: 134 creatures vanquished

Notes
Turn   | Place    | Note
--------------------------------------------------------------
     0 | D:1      | Runnr the Demonspawn Necromancer began the quest for the Orb.
     0 | D:1      | Reached XP level 1. HP: 13/13 MP: 3/3
   499 | D:1      | Gained mutation: Your flesh is heat resistant. [demonic ancestry]
   499 | D:1      | Reached XP level 2. HP: 18/20 MP: 3/5
   854 | D:1      | Learned a level 1 spell: Animate Skeleton
   951 | D:1      | Reached skill level 1 in Fighting
  1340 | D:2      | Reached XP level 3. HP: 22/26 MP: 1/7
  1402 | D:2      | Found a faded altar to an unknown god.
  1635 | D:2      | Found a glowing silver altar of Zin.
  1658 | D:2      | Noticed Terence
  2203 | D:2      | Gained mutation: You are partially covered in slimy green scales (AC +2). [demonic ancestry]
  2203 | D:2      | Reached XP level 4. HP: 22/33 MP: 5/8
  2310 | D:2      | Reached skill level 5 in Necromancy
  2334 | D:2      | Learned a level 4 spell: Animate Dead
  2339 | D:2      | Learned a level 3 spell: Regeneration
  3101 | D:3      | Found a shattered altar of Ashenzari.
  3487 | D:4      | Noticed a phantom
  3545 | D:4      | Noticed PossumBlood's ghost (amateur FoFi)
  3575 | D:4      | Reached XP level 5. HP: 35/38 MP: 5/10
  3635 | D:5      | Entered Level 5 of the Dungeon
  3635 | D:5      | Noticed an ogre
  4149 | D:6      | Reached XP level 6. HP: 37/44 MP: 9/12
  4178 | D:6      | Noticed a black bear
  4252 | D:6      | Reached skill level 6 in Necromancy
  5194 | D:4      | Noticed a phantom
  5453 | D:4      | Found a shimmering altar of Xom.
  5520 | D:4      | Reached skill level 5 in Spellcasting
  5520 | D:4      | Reached XP level 7. HP: 46/50 MP: 9/14
  5952 | D:3      | Killed a phantom
  5952 | D:3      | Reached skill level 7 in Necromancy
  6226 | D:4      | Killed a phantom
  6322 | D:5      | Noticed a wyvern
  6345 | D:5      | Killed an ogre
  6713 | D:5      | Found a white marble altar of Elyvilon.
  6782 | D:5      | Reached skill level 8 in Necromancy
  6877 | D:5      | Gained mutation: You are immune to clouds of flame. [demonic ancestry]
  6877 | D:5      | Reached XP level 8. HP: 43/56 MP: 11/17
  7086 | D:5      | Found a basalt altar of Yredelemnul.
  8671 | D:7      | Gained mutation: Your mind is acute. (Int +2) [potion of mutation]
  8671 | D:7      | Gained mutation: You can breathe flames. [potion of mutation]
  8671 | D:7      | Gained mutation: Your body sometimes deteriorates upon taking damage. [potion of mutation]
  8680 | D:7      | Lost mutation: Your mind is acute. (Int +2) [potion of cure mutation]
  8680 | D:7      | Lost mutation: Your body sometimes deteriorates upon taking damage. [potion of cure mutation]
  8680 | D:7      | Lost mutation: You can breathe flames. [potion of cure mutation]
  8686 | D:7      | HP: 2/58 [poisoned by a killer bee]
  8688 | D:7      | Succumbed to a killer bee's poison

Action                   |  1- 3 |  4- 6 |  7- 9 || total
-------------------------+-------+-------+-------++-------
Melee: Unarmed           |    50 |       |       ||    50
       Hand axe          |     4 |     6 |    12 ||    22
       Spear             |       |       |   187 ||   187
       Staff             |       |       |    13 ||    13
 Cast: Pain              |    62 |   130 |    80 ||   272
       Animate Skeleton  |    16 |    12 |       ||    28
       Animate Dead      |       |     9 |    10 ||    19
       Regeneration      |       |       |    12 ||    12
Evoke: Wand              |       |       |     2 ||     2
  Use: Potion            |       |     1 |    12 ||    13
       Scroll            |       |     2 |    15 ||    17
  Eat: Chunk             |     4 |    11 |     8 ||    23
       Royal jelly       |       |       |     1 ||     1
       Pizza             |       |       |     1 ||     1
       Beef jerky        |       |       |     1 ||     1
